 Dungeon Crawl Stone Soup version 0.15-a0-1646-g393eda0 (webtiles) character file.

82 Morrogh the Charmwright (level 4, -8/30 HPs)
             Began as a High Elf Skald on June 22, 2014.
             Was an Initiate of Qazlal.
             Killed by divine providence
             ... invoked by an orc priest
              (13 damage)
             ... on Level 3 of the Dungeon.
             The game lasted 00:20:13 (2641 turns).

Morrogh the Charmwright (High Elf Skald)            Turns: 2641, Time: 00:20:21

HP  -8/30        AC  8     Str 12      XL: 4   Next: 21%
MP   2/11        EV  9     Int 15      God: Qazlal [......]
Gold 87          SH  0     Dex 15      Spells:  1 memorised,  7 levels left

rFire  + . .     SeeInvis .     a - +0 falchion
rCold  . . .     Clarity  .     p - +2 ring mail {rF+}
rNeg   . . .     rCorr    .     (no shield)
rPois  .         rRot     .     (no helmet)
rElec  .         Spirit   .     i - +0 cloak
SustAb .         Warding  .     (no gloves)
rMut   .         Stasis   .     (no boots)
Gourm  .                        (no amulet)
MR     .....                    (no ring)
                                (no ring)

@: lethally poisoned, infused (expiring), not resistant to hostile enchantments,
very unstealthy
A: no striking features
a: Renounce Religion


You were on level 3 of the Dungeon.
You worshipped Qazlal.
Qazlal was noncommittal.
You were not hungry.

You visited 1 branch of the dungeon, and saw 3 of its levels.

You collected 87 gold pieces.

Inventory:

Hand weapons
 a - a +0 falchion (weapon)
 b - a +0 sling
Missiles
 e - 140 stones (quivered)
Armour
 i - a +0 cloak (worn)
 p - a +2 ring mail of fire resistance (worn)
Magical devices
 r - a wand of random effects (17) {unknown}
Comestibles
 g - a meat ration
 q - a chunk of worm flesh
Scrolls
 f - a scroll of identify
 j - a scroll of recharging {unknown}
 l - 3 scrolls of random uselessness
 n - a scroll of remove curse
Potions
 d - 2 potions of degeneration {unknown}
 h - a potion of porridge
 k - 2 potions of curing {unknown}
 o - a potion of haste {unknown}
Books
 c - a book of Battle

   Spells                             Type                      Level
   *Infusion                          Charms                       1
   Shroud of Golubria                 Charms/Translocation         2
   Song of Slaying                    Charms                       2
   Spectral Weapon                    Hexes/Charms                 3
   Regeneration                       Charms/Necromancy            3


   Skills:
 + Level 2.4 Fighting
 + Level 3.3 Long Blades
 + Level 0.4 Throwing
 + Level 1.4 Armour
 + Level 2.0 Dodging
 + Level 0.2 Stealth
 + Level 2.7 Spellcasting
 + Level 4.2 Charms


You had 7 spell levels left.
You knew the following spells:

 Your Spells              Type           Power        Failure   Level  Hunger
a - Infusion              Chrm           ##....       8%          1    #......


Dungeon Overview and Level Annotations

Branches:
Dungeon (3/15)

Altars:
Qazlal


Message History

The orc hits you.
* * * LOW HITPOINT WARNING * * *
The orc wizard points at you and mumbles some strange words.
The puff of frost hits you!
* * * LOW HITPOINT WARNING * * *
The goblin hits you but does no damage.
The orc wizard points at you and mumbles some strange words.
The puff of flame hits the goblin.
The goblin dies!
Your magical infusion is running out.
The orc grunts loudly.
Drink which item? (? for menu, Esc to quit)
That liquid tasted very nasty...
You are lethally poisoned!
It was a potion of poison.
* * * LOW HITPOINT WARNING * * *
You feel sick.
The orc priest invokes the aid of Beogh against you.
Something smites you!
You die...

#.# #.#.. ...# #..# ..#
#.## #.# #..# #.#
#..###.# #@..##.#
####o#.##.# #......'
############...o#..#.#
#.#....#
...........#..)o##.#.#
#.#....#
...........#o...##...#
#.#....#
............#....###..#
#.#....#
............).%..# #..#
#.#....#
.......(....#...##
#..####.#....#
...........#...#
##>....(#.....


You could see an orc priest, an orc wizard and 2 orcs.

Vanquished Creatures
  Jessica (D:2)
  4 worms
  3 orcs
  4 goblins
  2 hobgoblins
  3 jackals (D:2)
  7 kobolds
  A quokka (D:2)
  6 bats
  A giant cockroach (D:1)
  2 giant newts
  8 rats
42 creatures vanquished.

Vanquished Creatures (others)
  A goblin (D:3)
1 creature vanquished.

Grand Total: 43 creatures vanquished

Notes
Turn   | Place    | Note
--------------------------------------------------------------
     0 | D:1      | Morrogh, the High Elf Skald, began the quest for the Orb.
     0 | D:1      | Reached XP level 1. HP: 14/14 MP: 4/4
   420 | D:1      | Reached skill level 1 in Armour
   628 | D:1      | Reached XP level 2. HP: 19/19 MP: 6/6
   823 | D:1      | Reached skill level 4 in Charms
  1014 | D:2      | Noticed Jessica
  1019 | D:2      | Killed Jessica
  1019 | D:2      | Reached XP level 3. HP: 24/24 MP: 4/8
  1321 | D:2      | Found a stormy altar of Qazlal.
  1352 | D:2      | Became a worshipper of Qazlal Stormbringer
  2481 | D:3      | Reached XP level 4. HP: 21/30 MP: 2/11
  2641 | D:3      | Killed from afar by an orc priest

Action                   |  1- 3 |  4- 6 || total
-------------------------+-------+-------++-------
Melee: Falchion          |   122 |    20 ||   142
Throw: Stone             |     8 |     4 ||    12
 Cast: Infusion          |     6 |     1 ||     7
  Use: Scroll            |     6 |       ||     6
       Potion            |       |     1 ||     1
